 Dungeon Crawl Stone Soup version 0.31-a0-1242-g57893ffec4 (webtiles) character file.

Game seed: 16110206802156411744

19028 James the Grappler (level 12, -1/189 HPs)
             Began as a Troll Gladiator on Dec 16, 2023.
             Was an Initiate of Gozag.
             Slain by a centaur warrior
             ... wielding a staff of air
              (3 damage)
             ... on level 8 of the Dungeon.
             The game lasted 00:35:52 (10334 turns).

James the Grappler (Troll Gladiator)               Turns: 10334, Time: 00:35:52

Health: -1/189     AC:  6    Str: 29    XL:     12   Next: 32%
Magic:  11/11      EV: 10    Int:  4    God:    Gozag
Gold:   685        SH:  0    Dex: 11    Spells: 11/11 levels left

rFire   + .          .
                       - Unarmed
rCold   + . .        (shield currently unavailable)
rNeg    . . .        H - +2 robe {Will+}
rPois   .            b - +2 hat
rElec   .            z - scarf {rC+ rF+}
rCorr   .            (gloves unavailable)
SInv    .            (boots unavailable)
Will    +....        e - amulet of regeneration Stlth
                     (no ring)
HPRegen 2.11/turn    (no ring)
MPRegen 0.12/turn

%: no passive effects
@: berserking (expiring), lethally poisoned (-1 -> -4), blade hands, gold aura,
very quick
A: large, unfitting armour, (claws 3), regeneration 1, shaggy fur 1, tough skin
1
a: Begin Untransformation, Renounce Religion, Potion Petition, Call Merchant,
Bribe Branch


You were on level 8 of the Dungeon.
You worshipped Gozag.
Gozag was pleased with you.
You had blades for hands.
You visited 2 branches of the dungeon, and saw 15 of its levels.

You collected 2413 gold pieces.
You spent 443 gold pieces at shops.
You paid 1285 gold pieces to Gozag.

Inventory:

Hand Weapons
 s - a +4 scimitar
   (You took it off a wight on level 5 of the Dungeon)
 x - a +1 spear
   (You took it off a wight on level 5 of the Dungeon)
 F - a +1 dagger of protection
   (You took it off an orc priest on level 5 of the Dungeon)
 V - a +4 short sword
   (You took it off a wight on level 7 of the Dungeon)
 W - a +4 flail of freezing
   (You took it off a wight on level 7 of the Dungeon)
Missiles
 c - 3 throwing nets {!f}
 d - 5 large rocks (quivered)
 g - 6 curare-tipped darts {!f}
 j - 31 poisoned darts
 n - 20 boomerangs
Armour
 b - a +2 hat (worn)
 r - a +1 cloak
   (You found it on level 13 of the Dungeon)
 y - a +0 robe
   (You took it off a wight on level 5 of the Dungeon)
 z - a scarf of resistance (worn)
   (You found it on level 3 of the Dungeon)
 G - a +0 robe
   (You took it off a wight on level 6 of the Dungeon)
 H - a +2 robe of willpower (worn)
   (You took it off a wight on level 6 of the Dungeon)
 I - a +0 robe
   (You took it off a wight on level 6 of the Dungeon)
 J - a +0 robe
   (You took it off a wight on level 6 of the Dungeon)
 L - a +0 robe
   (You found it on level 6 of the Dungeon)
 R - a +0 robe
   (You took it off a wight on level 7 of the Dungeon)
 S - a +0 robe
   (You took it off a wight on level 7 of the Dungeon)
 T - a +0 robe
   (You took it off a wight on level 7 of the Dungeon)
 U - a +0 robe
   (You took it off a wight on level 7 of the Dungeon)
 Z - a +0 robe
   (You took it off a wight on level 7 of the Dungeon)
Jewellery
 e - an amulet of regeneration (around neck)
   (You found it on level 3 of the Dungeon)
 q - a ring of wizardry
   (You found it on level 2 of the Dungeon)
 E - an amulet of reflection
   (You found it on level 12 of the Dungeon)
Talismans
 l - a blade talisman (active)
   (You found it on level 4 of the Dungeon)
 A - a flux talisman
   (You found it on level 3 of the Dungeon)
 Y - a granite talisman
   (You found it on level 10 of the Dungeon)
Wands
 t - a wand of flame (33)
   (You found it on level 7 of the Dungeon)
 v - a wand of digging (5)
   (You found it on level 13 of the Dungeon)
 M - a wand of light (4)
   (You found it on level 6 of the Dungeon)
 Q - a wand of mindburst (5)
   (You found it on level 7 of the Dungeon)
Scrolls
 a - a scroll of immolation {unknown}
 f - 3 scrolls of enchant weapon
 i - 2 scrolls of fog {unknown}
 k - 8 scrolls of teleportation {@r4}
 B - 5 scrolls of blinking
 O - 5 scrolls of fear
Potions
 h - 7 potions of curing {@q1}
 m - 6 potions of heal wounds {@q2}
 o - 7 potions of might
 p - 2 potions of invisibility
 u - 3 potions of brilliance
 w - 2 potions of ambrosia {unknown}
 C - 2 potions of berserk rage
 D - 2 potions of lignification {!q}
 K - 2 potions of mutation {!q}
 N - a potion of magic
 P - a potion of cancellation
 X - a potion of haste {@q3}


   Skills:
 - Level 10.0 Fighting
 - Level 2.0 Throwing
 - Level 3.0 Dodging
 - Level 13.0 Unarmed Combat
 + Level 10.4 Shapeshifting


You had 11 spell levels left.
You didn't know any spells.
Your spell library contained the following spells:

 Spells                   Type           Power      Damage    Failure   Level
 Magic Dart               Conj           0%         1d3       50%         1
 Call Imp                 Summ           0%         N/A       65%         2
 Ensorcelled Hibernation  Hex/Ice        0%         N/A       65%         2
 Jinxbite                 Hex            0%         N/A       65%         2
 Sublimation of Blood     Necr           0%         N/A       65%         2
 Wereblood                Tmut           0%         N/A       65%         2
 Dazzling Flash           Conj/Hex       0%         N/A       86%         3
 Ignite Poison            Fire/Tmut/Pois 0%         N/A       86%         3
 Inner Flame              Hex/Fire       0%         N/A       86%         3
 Mephitic Cloud           Conj/Pois/Air  0%         N/A       86%         3
 Anguish                  Hex/Necr       0%         N/A       99%         4
 Cause Fear               Hex            0%         N/A       99%         4
 Iskenderun's Mystic Bla  Conj/Tloc      0%         2d3       99%         4
 Manifold Assault         Tloc           0%         N/A       99%         4
 Sticky Flame             Conj/Fire      0%         2d3       99%         4
 Agony                    Necr           0%         N/A       100%        5
 Irradiate                Conj/Tmut      0%         3d11      100%        5
 Silence                  Hex/Air        0%         N/A       100%        5
 Summon Mana Viper        Hex/Summ       0%         N/A       100%        5
 Yara's Violent Unravell  Hex/Tmut       0%         3d3       100%        5
 Dispersal                Tloc           0%         N/A       100%        6
 Enfeeble                 Hex            0%         N/A       100%        7
 Summon Hydra             Summ           0%         N/A       100%        7
 Ignition                 Fire           0%         3d3       100%        8


Dungeon Overview and Level Annotations

Branches:
Dungeon (14/15)            Temple (1/1) D:6            Lair (0/5) D:11
    Orc (0/2) D:10
 Vaults: D:13-14

Altars:
Ashenzari
Cheibriados
Dithmenos
Elyvilon
Fedhas
Gozag
Hepliaklqana
Kikubaaqudgha
Makhleb
Nemelex Xobeh
Okawaru
Qazlal
Ru
Sif Muna
Trog
Uskayaw
Vehumet
Wu Jian
Xom
Yredelemnul
Zin
The Shining One

Shops:
D:2 ?   D:4 !   D:5 :   D:11 *

Annotations:
D:8 1 runed translucent door
D:11 2 transporters
D:13 Nessos


Innate Abilities, Weirdness & Mutations

You have blades for hands.
You are incapable of wielding weapons or throwing items.
You are too large for most types of armour.
((You have claws for hands.))
Your natural rate of healing is unusually fast.
You are covered in fur. (AC +1)
You have tough skin. (AC +1)


Message History

Unknown command.
You slice the centaur warrior!!
The centaur warrior hits you with a staff of fire.
The centaur warrior burns you. The centaur warrior closely misses you.
You shred the centaur warrior!!!
You kill the centaur warrior!
Your life force feels restored.
The meliai invokes the aid of its god against you.
Something smites you! The meliai hits you with a +0 hand axe!
The meliai closely misses you.
The centaur warrior unwields a +0 orcbow.
The centaur warrior wields a staff of air.
The centaur warrior hits you with a staff of air.
The centaur warrior kicks you.
The meliai unwields the +9 orcbow "Ovelimm" {heavy, Int+3 Dex+6}.
The meliai wields a +0 war axe.
The meliai hits you with a +0 war axe! The meliai barely misses you.
The meliai hits you with a +0 hand axe!
* * * LOW HITPOINT WARNING * * *
The meliai stings you!
* * * LOW HITPOINT WARNING * * *
You are poisoned.
The meliai poisons you!
Items here: $ ) | }.
You miss the meliai.
You feel very sick.
The centaur warrior hits you with a staff of air.
* * * LOW HITPOINT WARNING * * *
You are electrocuted!
* * * LOW HITPOINT WARNING * * *
The centaur warrior kicks you but does no damage.
The meliai mumbles some strange prayers to its god against you.
Something smites you!
* * * LOW HITPOINT WARNING * * *
You barely miss the meliai.
You feel very sick. The meliai hits you with a +0 war axe!
* * * LOW HITPOINT WARNING * * *
The meliai stings you.
* * * LOW HITPOINT WARNING * * *
The meliai invokes the aid of its god against you.
Something smites you!
* * * LOW HITPOINT WARNING * * *
You shred the meliai!!!
You kill the meliai!
You feel sick.
The centaur warrior hits you with a staff of air!
* * * LOW HITPOINT WARNING * * *
You are electrocuted.
You die...
Your body crumbles into a pile of gold.

.........#.###.#.#.#.#....####..#
.##..##..##..#.#.#.#.#.#....#####
.##..##..####.##.#.#.#).#.#...
.....##..#######.#.#.#.#.#.#..
.###.##..##..####.##.#))#.#...###
.# #...<.###.#######.#.#....###..
## #.##..###}|########....###...#
####.##..###.|C$######..###......
'........# #c@.....###....#.##
####.###.###:|.y#######...#......
~###.# #.###..######.......###.#.
~#...###)###.#####.......#.#.....
~##....))##..###......####...#>.#
~'.#.###.#####......### #####.##
~#.........)......### #.#
~#..............### #.##
~#..############# #...


You could see a centaur warrior, a cyclops and a meliai.

Vanquished Creatures
  Rupert (D:13)
  Snorg (D:11)
  A centaur warrior (D:8)
  3 two-headed ogres
  Lodul (D:11)
  A cyclops (D:11)
  An ugly thing (D:11)
  Maurice (D:11)
  The ghost of rumpelstilzz the Ducker, a novice TrWr (D:5)
  An elephant (D:11)
  A gargoyle (D:12)
  3 unseen horrors
  4 trolls
  A meliai (D:8)
  7 slime creatures
  2 shadows
  A wyvern (D:10)
  2 wraiths (D:10)
  Eustachio (D:6)
  16 yaks
  A fire elemental (D:11)
  2 basilisks (D:11)
  4 fire bats (D:11)
  2 acid dragons
  2 water moccasins (D:8)
  A hell hound (D:11)
  3 ice beasts
  An orc warrior (D:9)
  2 black bears (D:5)
  10 ogres
  2 centaurs
  A phantom (D:4)
  2 kobold brigands
  2 bullfrogs
  A scorpion (D:6)
  22 wights
  4 killer bees (D:9)
  3 howler monkeys
  2 lava snakes (D:11)
  A bullfrog zombie (D:5)
  8 hounds
  A bullfrog skeleton (D:5)
  8 orc priests
  A gnoll bouda (D:6)
  A sleepcap (D:6)
  6 iguanas
  9 orc wizards
  3 adders
  4 gnolls
  A shadow imp (D:6)
  2 white imps
  A worm (D:5)
  7 dart slugs
  34 orcs
  8 ball pythons
  12 endoplasms
  2 giant cockroaches (D:1)
  13 goblins
  8 hobgoblins
  5 quokkas
  6 bats
  2 frilled lizards
  10 kobolds
  24 rats
294 creatures vanquished.

Notes
Turn   | Place    | Note
-------+----------+-------------------------------------------
     0 | D:1      | James the Troll Gladiator began the quest for the Orb.
     0 | D:1      | Reached XP level 1. HP: 19/19 MP: 0/0
   196 | D:1      | Reached XP level 2. HP: 27/27 MP: 1/1
   272 | D:1      | Reached skill level 4 in Unarmed Combat
   423 | D:1      | Reached XP level 3. HP: 29/33 MP: 2/2
   809 | D:2      | Found a faded altar of an unknown god.
  1072 | D:2      | Found Pufoe's Magic Scroll Emporium.
  1341 | D:2      | Got the Tome of Non-Euclidean Company
  1362 | D:2      | Reached XP level 4. HP: 36/41 MP: 3/3
  1381 | D:2      | Reached skill level 5 in Unarmed Combat
  2298 | D:4      | Noticed a kobold brigand
  2311 | D:4      | Killed a kobold brigand
  2312 | D:4      | Reached skill level 6 in Unarmed Combat
  2312 | D:4      | Reached XP level 5. HP: 20/49 MP: 4/4
  2616 | D:4      | Found Zyskir's Distillery.
  2640 | D:4      | Reached XP level 6. HP: 59/59 MP: 5/5
  3213 | D:4      | Bought a potion of heal wounds for 60 gold pieces
  3213 | D:4      | Bought a potion of invisibility for 96 gold pieces
  3213 | D:4      | Bought a potion of curing for 36 gold pieces
  3296 | D:2      | Bought a scroll of identify for 20 gold pieces
  3296 | D:2      | Bought a scroll of identify for 20 gold pieces
  3357 | D:5      | Entered Level 5 of the Dungeon
  3357 | D:5      | Found Penuwnog's Book Emporium.
  3429 | D:5      | Reached XP level 7. HP: 64/70 MP: 6/6
  3475 | D:5      | Reached skill level 7 in Unarmed Combat
  3573 | D:5      | Found an ornate altar of the Wu Jian Council.
  3615 | D:5      | Found a runed translucent gate.
  3616 | D:5      | Found a runed translucent gate.
  3616 | D:5      | Found a runed translucent gate.
  3641 | D:5      | Found an iron altar of Okawaru.
  3699 | D:5      | Reached skill level 8 in Unarmed Combat
  3866 | D:5      | Reached XP level 8. HP: 79/79 MP: 7/7
  4124 | D:5      | Reached skill level 5 in Fighting
  4292 | D:5      | Noticed rumpelstilzz's ghost (novice TrWr)
  4368 | D:6      | Reached skill level 9 in Unarmed Combat
  4519 | D:6      | Found a staircase to the Ecumenical Temple.
  4526 | D:6      | Reached skill level 10 in Unarmed Combat
  4550 | Temple   | Entered the Ecumenical Temple
  4556 | Temple   | Became a worshipper of Gozag Ym Sagoz the Greedy
  4638 | D:6      | Noticed Eustachio
  4653 | D:6      | Killed Eustachio
  4654 | D:6      | Reached XP level 9. HP: 86/89 MP: 8/8
  4901 | D:2      | Bought a scroll of fear for 40 gold pieces
  4984 | D:4      | Bought a potion of cancellation for 96 gold pieces
  5569 | D:7      | Found a blossoming altar of Fedhas.
  5774 | D:8      | Noticed a two-headed ogre
  5780 | D:8      | Killed a two-headed ogre
  5781 | D:8      | Reached skill level 11 in Unarmed Combat
  6014 | D:8      | Noticed a troll
  6029 | D:8      | Killed a troll
  6244 | D:8      | Reached skill level 12 in Unarmed Combat
  6244 | D:8      | Reached XP level 10. HP: 102/102 MP: 9/9
  6671 | D:9      | Reached skill level 1 in Shapeshifting
  6823 | D:9      | Found a white marble altar of Elyvilon.
  6900 | D:9      | Found a shadowy altar of Dithmenos.
  7203 | D:10     | Entered Level 10 of the Dungeon
  7351 | D:9      | Reached skill level 5 in Shapeshifting
  7530 | D:10     | Noticed a two-headed ogre
  7536 | D:10     | Killed a two-headed ogre
  7537 | D:10     | Reached XP level 11. HP: 95/115 MP: 10/10
  7556 | D:10     | Found a burning altar of Makhleb.
  7775 | D:10     | Found a staircase to the Orcish Mines.
  7958 | D:11     | Found a transporter.
  7971 | D:11     | Found a transporter.
  7972 | D:11     | Noticed a boulder beetle
  7972 | D:11     | Noticed a boulder beetle
  7983 | D:11     | Noticed a boulder beetle
  7989 | D:11     | Noticed Maurice
  7997 | D:11     | Maurice stole a +4 scimitar
  7998 | D:11     | Maurice stole a blade talisman
  8001 | D:11     | Killed Maurice
  8089 | D:11     | Noticed a two-headed ogre
  8113 | D:11     | Killed a two-headed ogre
  8360 | D:11     | Noticed Snorg
  8381 | D:11     | Killed Snorg
  8467 | D:11     | Noticed Lodul
  8626 | D:11     | Killed Lodul
  8627 | D:11     | Reached skill level 10 in Shapeshifting
  8662 | D:11     | Noticed a red ugly thing
  8748 | D:11     | Killed a red ugly thing
  8779 | D:11     | Found Neafuses's General Store.
  8823 | D:11     | Bought a potion of berserk rage for 75 gold pieces
  8847 | D:11     | Found a staircase to the Lair.
  9189 | D:12     | Reached skill level 10 in Fighting
  9189 | D:12     | Reached XP level 12. HP: 84/126 MP: 11/11
  9237 | D:12     | You fall into a shaft and drop 2 floors!
  9285 | D:13     | Noticed Rupert
  9294 | D:13     | Killed Rupert
  9329 | D:13     | Noticed Nessos
  9531 | D:12     | Identified the +5 ring mail of a bailey {Fly rC- Dex+3
                  | SInv}
 10098 | D:5      | Killed rumpelstilzz's ghost
 10099 | D:5      | Reached skill level 13 in Unarmed Combat
 10254 | D:8      | Found a runed translucent door.
 10255 | D:8      | Noticed a boulder beetle
 10321 | D:8      | Noticed a centaur warrior
 10322 | D:8      | Noticed a centaur warrior
 10322 | D:8      | Identified the +9 orcbow "Ovelimm" {heavy, Int+3 Dex+6}
 10330 | D:8      | Killed a centaur warrior
 10334 | D:8      | HP: 2/189 [centaur warrior/staff of air (13)]
 10334 | D:8      | Slain by a centaur warrior

Illustrated notes

Levels and vault maps discovered:
D:1:      roderic_chinese_lattice_arrival, layout_loops_ring,
          nicolae_eternal_life, minmay_split_cup_large
D:2:      kennysheep_six_static_rooms, layout_rooms,
          nicolae_ecumenical_pavilion, serial_shops, shop
D:3:      layout_basic, minivault_26
D:4:      minmay_polygon_palace, layout_loops_corners, serial_shops,
          nicolae_shop_industrial_runoff, st_stairs_8, minmay_rat_hole
D:5:      layout_gridville, nicolae_wu_jian_immortal_techniques,
          okawaru_trees_2, gammafunk_ghost_necromancy, serial_shops, shop
D:6:      layout_rooms, minmay_temple_entry_glassed_door,
          mrwooster_statue_mirror, hangedman_abyss_or_decor_passed,
          uniq_eustachio
D:7:      nicolae_cairo_tiling_very_big, layout_loops_ring, lemuel_doored_altar
D:8:      minmay_the_grid_triangle_9x9_rhombus_full
          [minmay_the_grid_triangle_9x9_corruption,
          minmay_the_grid_triangle_9x9_subtriangle,
          minmay_the_grid_triangle_9x9_longest,
          minmay_the_grid_triangle_9x9_zippers_vertical,
          minmay_the_grid_triangle_9x9_warning,
          minmay_the_grid_triangle_9x9_limited_checkers,
          minmay_the_grid_triangle_9x9_impossible_snake,
          minmay_the_grid_triangle_9x9_prize_insulated], layout_basic,
          dk_vineyard_1, ldierk_geyser
D:9:      layout_roguey, lemuel_crystal_altar, nicolae_elyvilon_peaceful_grove
D:10:     layout_rooms, lightli_temple_of_fire, orc_0_dummy
D:11:     gammafunk_boulding_lane, layout_cave_pools, david_lair_generic,
          serial_shops, nicolae_shop_window_shopping, hangedman_incinerator,
          uniq_maurice, uniq_snorg, uniq_lodul
D:12:     layout_gridville, minmay_misc_feat_encased
D:13:     layout_rooms, uniq_erolcha, uniq_nessos, uniq_rupert
D:14:     layout_cave_pods, grunt_vaults_entry_tiered, minmay_tree_intersection,
          chequers_serial_rivers_room_b, uniq_louise
Temple:   nicolae_temple_x_marks_the_god

Skill      XL: |  1  2  3  4  5  6  7  8  9 10 11 12 |
---------------+-------------------------------------+-----
Unarmed Combat | 4 6 8 10 12 13 | 13.0
Throwing       | 2 |  2.0
Fighting       | 2 4 5 7 9 10 | 10.0
Dodging        | 3 |  3.0
Shapeshifting  | 6 10 | 10.4

Action                     |  1- 3 |  4- 6 |  7- 9 | 10-12 || total
---------------------------+-------+-------+-------+-------++-------
  Melee: Unarmed           |    85 |   160 |   198 |   408 ||   851
         Punch             |     1 |     5 |     9 |    22 ||    37
  Throw: Large rock        |       |       |       |     1 ||     1
 Invoke: Potion Petition   |       |       |       |     3 ||     3
    Use: Scroll            |       |    15 |     1 |     4 ||    20
         Potion            |       |       |     1 |     3 ||     4
   Stab: Sleeping          |     2 |     1 |     1 |       ||     4
         Distracted        |       |       |       |     2 ||     2
 Armour: Robe              |    41 |   116 |   113 |   311 ||   581
         Skin              |       |       |    33 |       ||    33
  Dodge: Dodged            |    32 |    87 |    75 |   145 ||   339
   Form: Blade             |       |       |       |     1 ||     1

Table legend: (Time is in decaauts)
 A = Elapsed time spent in this place.
 B = Non-inter-level travel time spent in this place.
 C = Inter-level travel time spent in this place.
 D = Time resting spent in this place.
 E = Time spent auto-exploring this place.
 F = Levels seen in this place.
 G = Mean time per level.
                   A        B        C        D        E       F      G
               +--------+--------+--------+--------+--------+-----+--------+
         Total |  10196 |   9209 |    987 |    256 |   6508 |  15 |  679.7 |
       Dungeon |  10181 |   9194 |    987 |    256 |   6508 |  14 |  727.2 |
        Temple |     14 |     14 |      0 |      0 |      0 |   1 |   14.0 |
               +--------+--------+--------+--------+--------+-----+--------+

Top non-repeatable levels by time:
     D:4: 1203 daAuts
     D:5: 1005 daAuts
    D:11: 967 daAuts
     D:8: 919 daAuts
     D:3: 878 daAuts
     D:1: 849 daAuts
    D:12: 831 daAuts
     D:9: 828 daAuts
    D:10: 734 daAuts
     D:7: 723 daAuts
     D:2: 610 daAuts
     D:6: 549 daAuts
    D:14: 47 daAuts
    D:13: 32 daAuts
  Temple: 14 daAuts
